 Dungeon Crawl Stone Soup version 0.25-a0-294-gea9b1ad378 (webtiles) character file.

Game seed: 6423527913020420542, levelgen mode: deterministic

617 Barrydekale the Changer (level 7, 0/54 HPs)
             Began as a Demonspawn Transmuter on Dec 18, 2019.
             Killed by divine providence
             ... invoked by an orc priest
              (13 damage)
             ... on level 5 of the Dungeon.
             The game lasted 00:18:08 (4841 turns).

Barrydekale the Changer (Demonspawn Transmuter)     Turns: 4841, Time: 00:18:09

Health: 0/54       AC:  6    Str: 12    XL:     7   Next: 21%
Magic:  10/10      EV: 12    Int: 16    God:
Gold:   152        SH:  0    Dex: 14    Spells: 4/10 levels left

rFire    . . .     SeeInvis .     - Unarmed
rCold    . . .     Gourm    .   (no shield)
rNeg     . . .     Faith    .   b - +0 robe
rPois    .         Spirit   .   (no helmet)
rElec    .         Reflect  .   o - +0 cloak
rCorr    .         Harm     .   (no gloves)
MR       .....                  t - +0 pair of boots
Stlth    +.........             q - amulet of rage
HPRegen  0.18/turn              s - +2 ring of strength
MPRegen  0.12/turn              (no ring)

@: appendage (expiring)
A: claws 1, horns 2, slimy green scales 1, powered by death 1
a: End Transformation, Evoke Berserk Rage


You were on level 5 of the Dungeon.
You were not hungry.
You had grown temporary horns.
You visited 1 branch of the dungeon, and saw 5 of its levels.

You collected 152 gold pieces.

Inventory:

Missiles
 a - 28 arrows
 f - 87 sling bullets
 j - 57 stones (quivered)
 l - 3 atropa-tipped darts
Armour
 b - a +0 robe (worn)
 e - a +0 buckler
 i - a +2 pair of boots
 o - a +0 cloak (worn)
 t - a +0 pair of boots (worn)
Jewellery
 q - an amulet of rage (around neck)
 s - a +2 ring of strength (left claw)
Scrolls
 c - 2 scrolls of remove curse
 h - a scroll of amnesia {unknown}
 m - 2 scrolls of teleportation {unknown}
Potions
 g - a potion of agility
 k - 2 potions of lignification
 p - a potion of haste {unknown}
 r - 2 potions of heal wounds
Comestibles
 d - 12 rations
 n - 2 chunks of flesh


   Skills:
 + Level 4.1 Fighting
 - Level 1.7 Dodging
 + Level 4.6 Unarmed Combat
 - Level 2.0 Spellcasting
 - Level 5.0 Transmutations


You had 4 spell levels left.
You knew the following spells:

 Your Spells              Type           Power        Failure   Level  Hunger
a - Beastly Appendage     Tmut           ###...       2%          1    #......
b - Sticks to Snakes      Tmut           ###.....     4%          2    ###....
c - Spider Form           Tmut/Pois      #.........   22%         3    ###....

Your spell library contained the following spells:

 Spells                   Type           Power        Failure   Level  Hunger
 Ice Form                 Ice/Tmut       #.......     58%         4    #####..
 Blade Hands              Tmut           ###.......   58%         5    ######.


Dungeon Overview and Level Annotations

Branches:
Dungeon (5/15)
 Temple: D:4-7

Altars:
Gozag


Innate Abilities, Weirdness & Mutations

You have sharp fingernails.
You are partially covered in slimy green scales. (AC +2)
You regenerate a little health from kills.
You have a pair of horns on your head.


Message History

The centaur warrior zombie hits you but does no damage.
You scratch the centaur warrior zombie.
You headbutt the centaur warrior zombie.
Your claw misses the centaur warrior zombie.
The centaur warrior zombie is heavily damaged.
The centaur warrior zombie hits you.
The centaur shoots an arrow.
The arrow closely misses you. The centaur warrior zombie hits you.
You see here an arrow.
The centaur shoots an arrow.
The arrow barely misses you.
You see here an arrow.
The orc priest shouts!
The centaur warrior zombie hits you but does no damage.
The orc priest invokes the aid of Beogh against you.
Beogh smites you!
* * * LOW HITPOINT WARNING * * *
Your transformation is almost over.
The orc priest calls down the wrath of Beogh upon you.
Beogh smites you!
You die...

..o #.... #.# #....
###.######...........
#...............>.#.#
#.#.#o.#.##.#..##.#.##
#o#.o....##.#........#
#.###..#....##.##.#..# #
#.###..#.##[##.##.#..##.#
#...o(Zc@.<....##.......#
##########......)....#
#..........##
#....####### ####.##
#...# #...# #<..# #...#


You could see a centaur, 2 orc priests and a centaur warrior zombie.

Vanquished Creatures
  Menkaure (D:4)
  An ogre (D:4)
  A scorpion (D:4)
  A gnoll shaman (D:4)
  A hound (D:5)
  A bullfrog skeleton (D:5)
  An orc priest (D:4)
  3 orc wizards
  Natasha (twice) (D:2)
  A howler monkey zombie (D:5)
  4 gnolls
  An adder (D:3)
  2 oozes
  An adder skeleton (D:4)
  3 worms
  A dart slug (D:1)
  3 leopard geckos (D:1)
  3 orcs
  4 giant cockroaches (D:1)
  10 goblins
  6 hobgoblins
  6 jackals
  6 kobolds
  7 bats
  3 frilled lizards
  9 rats
82 creatures vanquished.

Vanquished Creatures (collateral kills)
  2 adders (D:2)
  A giant cockroach (D:2)
3 creatures vanquished.

Grand Total: 85 creatures vanquished

Notes
Turn   | Place    | Note
-------+----------+-------------------------------------------
     0 | D:1      | Barrydekale the Demonspawn Transmuter began the quest for
                  | the Orb.
     0 | D:1      | Reached XP level 1. HP: 15/15 MP: 3/3
   396 | D:1      | Reached skill level 2 in Transmutations
   446 | D:1      | Gained mutation: You have sharp fingernails. [demonic
                  | ancestry]
   446 | D:1      | Reached XP level 2. HP: 11/21 MP: 3/5
   450 | D:1      | Learned a level 2 spell: Sticks to Snakes
   686 | D:1      | Reached skill level 3 in Transmutations
   820 | D:1      | Gained mutation: You are partially covered in slimy green
                  | scales. (AC +2) [demonic ancestry]
   820 | D:1      | Reached XP level 3. HP: 7/26 MP: 4/6
  1625 | D:2      | Learned a level 3 spell: Spider Form
  1869 | D:2      | Reached skill level 4 in Transmutations
  1869 | D:2      | Reached XP level 4. HP: 29/32 MP: 2/7
  1892 | D:2      | Noticed Natasha
  1903 | D:2      | Killed Natasha
  2074 | D:2      | Noticed Natasha
  2085 | D:2      | Killed Natasha
  2401 | D:3      | Reached XP level 5. HP: 33/38 MP: 1/8
  2510 | D:3      | Found an opulent altar of Gozag.
  2850 | D:4      | Noticed Menkaure
  3005 | D:4      | Noticed an ogre
  3024 | D:4      | Killed an ogre
  3584 | D:4      | Reached XP level 6. HP: 46/46 MP: 9/9
  3612 | D:4      | Killed Menkaure
  3844 | D:4      | Reached skill level 5 in Transmutations
  3957 | D:4      | HP: 2/70 [gnoll (6)]
  4522 | D:5      | Entered Level 5 of the Dungeon
  4526 | D:5      | Gained mutation: You regenerate a little health from kills.
                  | [demonic ancestry]
  4526 | D:5      | Reached XP level 7. HP: 52/53 MP: 8/10
  4717 | D:5      | Noticed a steam dragon
  4841 | D:5      | Killed from afar by an orc priest

Levels and vault maps discovered:
D:1:      elethiomel_arrival_quiet, layout_rooms
D:2:      layout_basic, first_ration, uniq_natasha
D:3:      layout_basic, lemuel_coloured_pillars_altar
D:4:      layout_basic, uniq_menkaure
D:5:      layout_loops_cross, cheibrodos_sewer_entry_bend

Skill      XL: |  1  2  3  4  5  6  7 |
---------------+----------------------+-----
Transmutations | 2 3 4 5 |  5.0
Unarmed Combat | 3 4 |  4.6
Fighting       | 2 3 4 |  4.1
Dodging        | |  1.7
Spellcasting   | |  2.0

Action                   |  1- 3 |  4- 6 |  7- 9 || total
-------------------------+-------+-------+-------++-------
Melee: Unarmed           |   130 |   141 |    56 ||   327
       Kick              |     8 |       |       ||     8
       Headbutt          |     8 |    21 |     7 ||    36
       Punch             |       |     4 |     1 ||     5
Throw: Stone             |    11 |     2 |       ||    13
 Cast: Beastly Appendage |    27 |    25 |     5 ||    57
       Sticks to Snakes  |     4 |    18 |       ||    22
       Spider Form       |       |     1 |       ||     1
 Abil: Evoke Berserk Rag |       |     1 |       ||     1
  Use: Scroll            |       |       |     4 ||     4
 Stab: Sleeping          |       |     2 |       ||     2
       Distracted        |       |     2 |       ||     2
  Eat: Chunk             |     3 |     7 |     3 ||    13
       Ration            |       |     1 |       ||     1
Armor: Robe              |    31 |    32 |    19 ||    82
Dodge: Dodged            |    87 |    93 |    22 ||   202

Table legend:
 A = Non-vault XP
 B = Vault XP
 C = Vault XP percentage of total XP
 D = Non-vault monster count
 E = Vault monster count
 F = Vault count percentage of total count
                 A         B        C        D         E       F
            +---------+---------+-------+---------+---------+-------
      Total |     706 |     176 |  20.0 |      83 |       2 |   2.4
            +---------+---------+-------+---------+---------+-------
        D:1 |      64 |       0 |   0.0 |      35 |       0 |   0.0
        D:2 |      81 |      36 |  30.8 |      18 |       1 |   5.3
        D:3 |      43 |       0 |   0.0 |       9 |       0 |   0.0
        D:4 |     344 |     140 |  28.9 |      16 |       1 |   5.9
        D:5 |     174 |       0 |   0.0 |       5 |       0 |   0.0
            +---------+---------+-------+---------+---------+-------
